 Dungeon Crawl Stone Soup version 0.28.0-53-g5a82cb258f (webtiles) character file.

Game seed: 15467196463752633396

25 Infinimo the Skirmisher (level 3, -2/60 HPs)
             Began as an Ogre Berserker on June 4, 2022.
             Was a Follower of Trog.
             Succumbed to a goblin's poison
             ... on level 1 of the Dungeon.
             The game lasted 00:00:36 (649 turns).

Infinimo the Skirmisher (Ogre Berserker)             Turns: 649, Time: 00:00:37

Health: -2/60      AC:  3    Str: 23    XL:     3   Next: 4%
Magic:  3/3        EV: 10    Int:  8    God:    Trog [*.....]
Gold:   40         SH:  0    Dex:  8    Spells: 2/2 levels left

rFire   . . .      SeeInvis .   a - +0 mace
rCold   . . .      Faith    .   (no shield)
rNeg    . . .      Spirit   .   b - +0 animal skin
rPois   .          Reflect  .   (helmet restricted)
rElec   .          Harm     .   (no cloak)
rCorr   .          Rampage  .   (gloves unavailable)
Will    .....                   (boots unavailable)
Stlth   ..........              (no amulet)
HPRegen 0.20/turn               (no ring)
MPRegen 0.08/turn               (no ring)

@: berserking, lethally poisoned (-2 -> -20), very quick
A: large, unfitting armour, tough skin 1
a: Renounce Religion, Berserk


You were on level 1 of the Dungeon.
You worshipped Trog.
Trog was aware of your devotion.
You visited 1 branch of the dungeon, and saw 1 of its levels.

You collected 40 gold pieces.

Inventory:

Hand Weapons
 a - a +0 mace (weapon)
Armour
 b - a +0 animal skin (worn)
Potions
 c - a potion of mutation {unknown}
 d - a potion of might {unknown}


   Skills:
 + Level 4.4 Fighting
 * Level 3.2 Maces & Flails
 + Level 3.0 Dodging


You had 2 spell levels left.
You didn't know any spells.
Your spell library was empty.

Dungeon Overview and Level Annotations

Branches:
Dungeon (1/15)

Altars:


Innate Abilities, Weirdness & Mutations

You are too large for most types of armour.
You have tough skin. (AC +1)


Message History

The goblin closely misses you. The goblin hits you but does no damage.
You are more poisoned.
You closely miss the goblin.
You feel very sick.
The endoplasm jiggles.
The goblin hits you with a +1 dagger of venom.
You are more poisoned.
You completely miss the goblin.
You feel very sick. The endoplasm freezes you.
You are frozen.
The goblin hits you with a +1 dagger of venom.
You are more poisoned.
A red film seems to cover your vision as you go berserk!
You feel yourself moving faster!
You feel mighty!
* * * LOW HITPOINT WARNING * * *
You feel very sick. The endoplasm barely misses you.
The goblin hits you but does no damage.
You closely miss the goblin.
* * * LOW HITPOINT WARNING * * *
You feel very sick. The endoplasm barely misses you.
The goblin hits you with a +1 dagger of venom.
* * * LOW HITPOINT WARNING * * *
You are more poisoned.
You are too berserk!
You closely miss the goblin.
* * * LOW HITPOINT WARNING * * *
You feel very sick.
The endoplasm hits you but does no damage.
The goblin closely misses you.
You sock the goblin!
You kill the goblin!
Trog accepts your kill.
* * * LOW HITPOINT WARNING * * *
You feel very sick. The endoplasm barely misses you.
Unknown command.
You closely miss the ball python.
You die...

#.#
#.#.#...#.#######.#
#.#
#.#..†###.........#
#.#
#.#...........##.
#.# #.#.#..######.#
#.# #.#...........#
#.#
#.#.##.#####..##..#
#.# #.#....#
#...$.....# #.#
#.#.#### #.#..##.###
#.# #.#.# #@#.......
#.#
#.#.#....SJ#.#######
#.#####.#........#..
#.......#.######.###
#######.# #.. #.#
#.# #.# #.# ### ###


You could see an endoplasm and a ball python.

Vanquished Creatures
  A dart slug (D:1)
  5 bats (D:1)
  2 endoplasms (D:1)
  2 giant cockroaches (D:1)
  5 goblins (D:1)
  A hobgoblin (D:1)
  A ball python (D:1)
  A frilled lizard (D:1)
  2 kobolds (D:1)
  2 rats (D:1)
22 creatures vanquished.

Notes
Turn   | Place    | Note
-------+----------+-------------------------------------------
     0 | D:1      | Infinimo the Ogre Berserker began the quest for the Orb.
     0 | D:1      | Reached XP level 1. HP: 24/24 MP: 1/1
    93 | D:1      | Reached XP level 2. HP: 30/32 MP: 2/2
   641 | D:1      | Reached XP level 3. HP: 34/40 MP: 3/3
   648 | D:1      | HP: 2/60 [poisoned by a goblin]
   649 | D:1      | Succumbed to a goblin's poison

Illustrated notes

Levels and vault maps discovered:
D:1:      dpeg_arrival_subterranean_lakeside_camping, layout_basic

Skill      XL: |  1  2 |
---------------+-------+-----
Maces & Flails | 3 |  3.2
Dodging        | 3 |  3.0
Fighting       | |  4.4

Action                   || total
-------------------------++-------
Melee: Mace              ||    50
Invok: Berserk           ||     1
Armor: Animal skin       ||    21
Dodge: Dodged            ||    33
